 Dungeon Crawl Stone Soup version 0.25.0-9-g26727b657a (webtiles) character file.

Game seed: 2051375952771457616

140 Jakers the Stinger (level 5, -1/42 HPs)
             Began as a Naga Venom Mage on June 19, 2020.
             Slain by a centaur skeleton (2 damage)
             ... on level 5 of the Dungeon.
             The game lasted 00:06:24 (2698 turns).

Jakers the Stinger (Naga Venom Mage)                Turns: 2698, Time: 00:06:25

Health: -1/42      AC:  3    Str: 11    XL:     5   Next: 23%
Magic:  5/8        EV: 10    Int: 16    God:
Gold:   110        SH:  0    Dex: 11    Spells: 1/8 levels left

rFire    . . .     SeeInvis +   i - +0 short sword
rCold    . . .     Gourm    .   (no shield)
rNeg     . . .     Faith    .   a - +0 robe
rPois    +         Spirit   .   (no helmet)
rElec    .         Reflect  .   (no cloak)
rCorr    .         Harm     .   j - +0 pair of gloves
MR       .....                  (no barding)
Stlth    ++........             (no amulet)
HPRegen  0.14/turn              (no ring)
MPRegen  0.11/turn              (no ring)

@: stab, very slow
A: large, see invisible, deformed body, poison resistance, slowness 2, slow
metabolism 1, spit poison 1, AC +1
a: Spit Poison


You were on level 5 of the Dungeon.
You were hungry.

You visited 1 branch of the dungeon, and saw 5 of its levels.

You collected 110 gold pieces.

Inventory:

Hand Weapons
 i - a +0 short sword (weapon)
Missiles
 f - 60 arrows
Armour
 a - a +0 robe (worn)
 j - a +0 pair of gloves (worn)
Scrolls
 b - a scroll of remove curse {unknown}
 g - 3 scrolls of random uselessness {unknown}
 h - a scroll of teleportation {unknown}
 k - a scroll of blinking {unknown}
 q - 4 scrolls of identify {unknown}
Potions
 e - a potion of curing {unknown}
 l - a potion of haste {unknown}
 m - a potion of brilliance {unknown}
 n - a potion of degeneration {unknown}
 p - a potion of heal wounds {unknown}
 r - a potion of might {unknown}
Comestibles
 c - 2 rations
 o - 6 chunks of flesh


   Skills:
 - Level 1.5 Dodging
 - Level 3.0 Stealth
 - Level 2.0 Spellcasting
 - Level 1.0 Transmutations
 + Level 7.6 Poison Magic


You had one spell level left.
You knew the following spells:

 Your Spells              Type           Power        Failure   Level  Hunger
a - Sting                 Tmut/Pois      ###.         3%          1    #......
b - Poisonous Vapours     Pois/Air       ##....       7%          2    ###....
c - Olgreb's Toxic Radia  Pois           ####....     9%          4    #####..

Your spell library contained the following spells:

 Spells                   Type           Power        Failure   Level  Hunger
 Ignite Poison            Fire/Tmut/Pois ##......     19%         3    ###....
 Mephitic Cloud           Conj/Pois/Air  #.......     22%         3    ###....


Dungeon Overview and Level Annotations

Branches:
Dungeon (6/15)
 Temple: D:4-7

Altars:
Dithmenos
Fedhas
Nemelex Xobeh
Vehumet
Xom
The Shining One


Innate Abilities, Weirdness & Mutations

You cannot wear boots.
Your serpentine skin is tough. (AC +1)
You have supernaturally acute eyesight. (SInv)
Armour fits poorly on your strangely shaped body.
Your system is resistant to poisons. (rPois)
You cover ground very slowly.
You have a slow metabolism.
You can spit poison.


Message History

You hit the centaur skeleton.
The centaur skeleton is moderately damaged.
The centaur skeleton hits you.
It was a potion of stabbing.
You feel ready to backstab.
The centaur skeleton closely misses you.
The centaur skeleton hits you.
* * * LOW HITPOINT WARNING * * *
You hit the centaur skeleton.
The centaur skeleton is heavily damaged.
The centaur skeleton barely misses you.
You hit the centaur skeleton.
The centaur skeleton is severely damaged.
The centaur skeleton barely misses you.
The goblin zaps a wand.
The puff of flame hits you!
* * * LOW HITPOINT WARNING * * *
The shadow imp hits you.
* * * LOW HITPOINT WARNING * * *
The centaur skeleton hits you.
You die...

..###........##
...#..........#
......†......#
####...........#
...............#
##......[.....#
########.......g5...####
#..............Z@.......
........................
####...############.....
#......#### ....
..........# ...
..........## ##
...........##
.......#.#..#
....##.#....########


You could see a shadow imp, a goblin and a centaur skeleton.

Vanquished Creatures
  A worker ant zombie (D:2)
  A gnoll (D:1)
  6 adders
  A dart slug (D:1)
  3 leopard geckos
  4 giant cockroaches
  10 goblins
  4 hobgoblins
  5 jackals
  12 kobolds
  A quokka (D:6)
  4 bats
  4 frilled lizards
  4 rats
60 creatures vanquished.

Notes
Turn   | Place    | Note
-------+----------+-------------------------------------------
     0 | D:1      | Jakers the Naga Venom Mage began the quest for the Orb.
     0 | D:1      | Reached XP level 1. HP: 15/15 MP: 3/3
   167 | D:1      | Reached XP level 2. HP: 21/22 MP: 1/5
   315 | D:1      | Reached skill level 5 in Poison Magic
   462 | D:1      | Learned a level 2 spell: Poisonous Vapours
   470 | D:1      | Reached XP level 3. HP: 28/28 MP: 1/6
   861 | D:2      | Found a shadowy altar of Dithmenos.
   870 | D:2      | Reached skill level 6 in Poison Magic
   882 | D:2      | Reached XP level 4. HP: 21/36 MP: 1/7
  1213 | D:2      | Found a sparkling altar of Nemelex Xobeh.
  1461 | D:2      | Found a faded altar of an unknown god.
  1461 | D:2      | Found a blossoming altar of Fedhas.
  1473 | D:2      | Found a faded altar of an unknown god.
  1476 | D:2      | Found a radiant altar of Vehumet.
  1477 | D:2      | Found a shimmering altar of Xom.
  1697 | D:2      | Reached skill level 7 in Poison Magic
  1924 | D:2      | Learned a level 4 spell: Olgreb's Toxic Radiance
  1990 | D:2      | Found a faded altar of an unknown god.
  2405 | D:3      | Reached XP level 5. HP: 42/42 MP: 3/8
  2448 | D:3      | Found a glowing golden altar of the Shining One.
  2561 | D:3      | You fall into a shaft and drop 3 floors!
  2612 | D:5      | Entered Level 5 of the Dungeon
  2698 | D:5      | HP: 1/42 [shadow imp (4)]
  2698 | D:5      | Slain by a centaur skeleton

Illustrated notes

Levels and vault maps discovered:
D:1:      wander_arrival_lonely_grave, layout_loops_cross
D:2:      layout_basic, nicolae_dithmenos_through_a_glass_darkly,
          chequers_temple_overflow_minitemple, lemuel_crystal_altar,
          chequers_ecumenical_altar_simple
D:3:      minmay_angry_zag, layout_loops_ring, lemuel_coloured_pillars_altar,
          nicolae_overflow_crystal_walls, cheibriados_altar_1
D:5:      layout_rooms, dancing_weapons_uskayaw, gup_sewer_entry_bubbles,
          vehumet_altar_wand_db
D:6:      layout_basic, minmay_misc_feat_roman, minmay_mini_ossuary, uniq_pikel

Skill      XL: |  1  2  3  4 |
---------------+-------------+-----
Poison Magic   | 5 6 7 |  7.6
Dodging        | |  1.5
Stealth        | |  3.0
Spellcasting   | |  2.0
Transmutations | |  1.0

Action                   |  1- 3 |  4- 6 || total
-------------------------+-------+-------++-------
Melee: Unarmed           |     4 |       ||     4
       Short sword       |     5 |    70 ||    75
 Cast: Sting             |    25 |    15 ||    40
       Poisonous Vapours |     1 |       ||     1
       Olgreb's Toxic Ra |       |     4 ||     4
 Abil: Spit Poison       |    19 |    12 ||    31
  Use: Potion            |       |     1 ||     1
 Stab: Sleeping          |       |     1 ||     1
  Eat: Chunk             |     1 |     6 ||     7
Armor: Robe              |     5 |    18 ||    23
Dodge: Dodged            |    16 |    51 ||    67
